 Dungeon Crawl Stone Soup version 0.21.1-1-g345015f (webtiles) character file.

1475 glosham the Carver (level 8, -8/71 HPs)
             Began as a Minotaur Gladiator on June 9, 2018.
             Was a Believer of Ru.
             Mangled by a shadow (29 damage)
             ... on level 7 of the Dungeon on June 11, 2018.
             The game lasted 01:27:08 (7074 turns).

glosham the Carver (Minotaur Gladiator)             Turns: 7074, Time: 01:27:08

Health: -8/71      AC:  8    Str: 20    XL:     8   Next: 49%
Magic:  7/7        EV: 13    Int:  5    God:    Ru [**....]
Gold:   153        SH:  0    Dex: 13    Spells: 7/7 levels left

rFire    . . .     SeeInvis .   a - +0 long sword
rCold    . . .     Gourm    .   (no shield)
rNeg     . . .     Faith    .   X - +3 leather armour
rPois    .         Spirit   .   U - +2 hat
rElec    .         Reflect  .   (no cloak)
rCorr    .         Harm     .   (no gloves)
MR       .....                  (no boots)
Stlth    ++........             (no amulet)
HPRegen  0.21/turn              A - ring of stealth
MPRegen  0.10/turn              (no ring)

@: no status effects
A: retaliatory headbutt, horns 2, inexperienced 1
a: Renounce Religion


You were on level 7 of the Dungeon.
You worshipped Ru.
Ru was pleased with you.
You were hungry.

You visited 2 branches of the dungeon, and saw 8 of its levels.
You also visited: Sewer.

You collected 357 gold pieces.
You spent 204 gold pieces at shops.

Inventory:

Hand Weapons
 a - a +0 long sword (weapon)
 b - a +2 dagger of holy wrath
 c - a +0 hunting sling
 d - a +1 dagger of speed
 t - a +0 shortbow
 C - a +1 dagger of venom
Missiles
 e - 263 stones (quivered)
 g - 163 arrows
 h - 31 sling bullets
 i - 87 bolts
 m - 3 throwing nets
 H - 8 poisoned needles
Armour
 l - a +0 chain mail
 r - a +0 large shield
 y - a +0 shield
 D - a +0 plate armour
 U - a +2 hat (worn)
 X - a +3 leather armour (worn)
Jewellery
 A - a ring of stealth (left hand)
Wands
 w - a wand of paralysis (8)
Scrolls
 k - 3 scrolls of teleportation
 o - 4 scrolls of immolation
 u - 3 scrolls of remove curse
 E - a scroll of identify
Potions
 j - a potion of haste
 p - 2 potions of magic
 q - 3 potions of heal wounds
 s - 3 potions of curing
 x - 3 potions of flight
Books
 I - a book of Misfortune

   Spells                             Type                      Level
   a - Confusing Touch                Hexes                        1
   b - Confuse                        Hexes                        3
   c - Gell's Gravitas                Translocation                3
   d - Petrify                        Transmutation/Earth          4
   e - Metabolic Englaciation         Hexes/Ice                    5
   f - Yara's Violent Unravelling     Hexes/Transmutation          5
Comestibles
 f - 12 rations
 z - 3 chunks of flesh


   Skills:
 + Level 6.3 Fighting
 * Level 13.4 Long Blades
 - Level 2.0 Throwing
 - Level 1.0 Armour
 - Level 3.2 Dodging


You had 7 spell levels left.
You didn't know any spells.

Dungeon Overview and Level Annotations

Branches:
Dungeon (7/15)             Temple (1/1) D:5

Altars:
Ashenzari
Cheibriados
Dithmenos
Elyvilon
Fedhas
Gozag
Hepliaklqana
Kikubaaqudgha
Makhleb
Nemelex Xobeh
Okawaru
Qazlal
Ru
Sif Muna
Trog
Uskayaw
Vehumet
Wu Jian
Xom
Yredelemnul
Zin
The Shining One

Shops:
D:5 }   D:6 *


Innate Abilities, Weirdness & Mutations

You reflexively headbutt those who attack you in melee.
You have a pair of horns on your head.
You are somewhat inexperienced. (-2 XL)


Message History

You barely miss the gnoll sergeant. The shadow barely misses you.
You hit the gnoll sergeant.
The gnoll sergeant is lightly wounded.
The gnoll sergeant closely misses you.
You riposte.
You hit the gnoll sergeant but do no damage.
The gnoll sergeant is lightly wounded.
You barely miss the gnoll sergeant.
The gnoll sergeant is lightly wounded.
The shadow misses you. You furiously retaliate!
You headbutt the shadow.
The gnoll sergeant hits you with a spear.
You hit the gnoll sergeant.
The gnoll sergeant is moderately wounded.
The shadow hits you!
You hit the gnoll sergeant but do no damage.
The gnoll sergeant is moderately wounded.
The gnoll sergeant hits you but does no damage.
You closely miss the gnoll sergeant.
You headbutt the gnoll sergeant, but do no damage.
The gnoll sergeant is moderately wounded.
The shadow slips into darkness.
The shadow flickers and vanishes!
Deactivating autopickup; reactivate with Ctrl-A.
The gnoll sergeant hits you with a spear.
You barely miss the gnoll sergeant. You headbutt the gnoll sergeant.
The gnoll sergeant is heavily wounded.
The shadow strikes at you from the darkness!
Reactivating autopickup.
The gnoll sergeant barely misses you. You furiously retaliate!
You headbutt the gnoll sergeant.
Unknown command.
You slash the gnoll sergeant!
You kill the gnoll sergeant!
The shadow closely misses you.
Things that are here:
a spear; a ring mail The shadow slips into darkness.
The shadow flickers and vanishes!
Deactivating autopickup; reactivate with Ctrl-A.
The shadow strikes at you from the darkness!
You die...

................
.###......#.##.. .#
#......#.##.# ######
.###......#.##.# ......
.<..........##.####......
.........................
.#############.....#.#
.......# ###.#.# .......#
#@#.# .......# #.#O#
.......# #.#.# .......##
######.#.# ........#
#......#.# ........#
#.....<#.####### ........#
########)....... ........#
#...............
........###.#.#.#########.


There were no monsters in sight!

Vanquished Creatures
  The ghost of Kagorn the Skirmisher, a novice GrFi of Makhleb (D:6)
  An orc warrior (D:6)
  A hornet zombie (D:6)
  The ghost of HedoNNN the Skirmisher, an amateur HOFi (D:3)
  An ogre (D:5)
  4 centaurs
  Blork the orc (D:6)
  A bullfrog (D:6)
  A gnoll sergeant (D:7)
  A scorpion (D:7)
  A howler monkey (D:5)
  2 crimson imps
  2 centaur zombies
  A hound (D:5)
  3 orc priests
  A bullfrog skeleton (D:6)
  8 orc wizards
  A centaur skeleton (D:7)
  Natasha (thrice) (D:2)
  4 worker ants
  A worker ant zombie (D:5)
  4 gnolls
  3 river rats (D:3)
  12 adders
  A shadow imp (D:6)
  An ooze (D:2)
  7 worms
  A dart slug (D:1)
  7 leopard geckos
  14 orcs
  4 ball pythons
  A giant cockroach (D:1)
  7 goblins
  7 hobgoblins
  11 jackals
  3 quokkas
  3 bats
  4 frilled lizards
  2 jackal skeletons
  16 kobolds
  A leopard gecko zombie (D:5)
  10 rats
  5 plants (Sewer)
164 creatures vanquished.

Notes
Turn   | Place    | Note
-------+----------+-------------------------------------------
     0 | D:1      | glosham the Minotaur Gladiator began the quest for the Orb.
     0 | D:1      | Reached XP level 1. HP: 18/18 MP: 0/0
   308 | D:1      | Reached skill level 4 in Long Blades
   350 | D:1      | Reached XP level 2. HP: 23/25 MP: 1/1
   693 | D:1      | Reached skill level 5 in Long Blades
   826 | D:2      | Reached XP level 3. HP: 30/30 MP: 2/2
   876 | D:2      | Found a faded altar of an unknown god.
  1196 | D:2      | Reached XP level 4. HP: 37/37 MP: 3/3
  1201 | D:2      | Reached skill level 6 in Long Blades
  1282 | D:2      | Noticed a centaur
  1304 | D:2      | HP: 3/37 [centaur/uncursed short sword (6)]
  1304 | D:2      | Killed a centaur
  1304 | D:2      | Reached skill level 7 in Long Blades
  1304 | D:2      | Reached XP level 5. HP: 4/42 MP: 4/4
  1578 | D:2      | Noticed Natasha
  1591 | D:2      | Killed Natasha
  1684 | D:2      | Found a faded altar of an unknown god.
  1769 | D:2      | Noticed Natasha
  1781 | D:2      | Killed Natasha
  1838 | D:2      | Found a faded altar of an unknown god.
  2160 | D:2      | Noticed Natasha
  2173 | D:2      | Killed Natasha
  2248 | D:3      | Reached skill level 8 in Long Blades
  2269 | D:3      | Noticed HedoNNN's ghost (amateur HOFi)
  2416 | D:3      | Reached XP level 6. HP: 45/50 MP: 5/5
  2635 | D:3      | Reached skill level 3 in Fighting
  2690 | D:3      | Found a glowing drain.
  2804 | Sewer    | Entered a sewer
  2862 | Sewer    | Reached skill level 1 in Armour
  3593 | D:3      | You fall through a shaft for 2 floors!
  3593 | D:5      | Entered Level 5 of the Dungeon
  3608 | D:5      | Reached skill level 9 in Long Blades
  3962 | D:3      | Killed HedoNNN's ghost
  3962 | D:3      | Reached XP level 7. HP: 52/57 MP: 6/6
  4063 | D:3      | Found a deep blue altar of Sif Muna.
  4261 | D:3      | Reached skill level 10 in Long Blades
  4574 | D:4      | Found a sacrificial altar of Ru.
  4583 | D:4      | Became a worshipper of Ru the Awakened
  5004 | D:5      | Found Rema's Gadget Boutique.
  5026 | D:5      | Found a staircase to the Ecumenical Temple.
  5038 | D:5      | Reached skill level 11 in Long Blades
  5056 | Temple   | Entered the Ecumenical Temple
  5206 | D:5      | Reached XP level 8. HP: 62/63 MP: 7/7
  5395 | D:5      | Gained mutation: You are somewhat inexperienced. (-2 XL) [Ru sacrifice]
  5395 | D:5      | Reached XP level 7. HP: 58/58 MP: 6/6
  5395 | D:5      | Reached XP level 6. HP: 52/52 MP: 5/5
  5395 | D:5      | Reached * piety under Ru
  5395 | D:5      | Reached ** piety under Ru
  5635 | D:5      | Bought a wand of paralysis (13) for 150 gold pieces
  5913 | D:6      | Reached skill level 4 in Fighting
  5961 | D:6      | Reached skill level 12 in Long Blades
  6097 | D:6      | Noticed Kagorn's ghost (novice GrFi)
  6100 | D:6      | Reached XP level 7. HP: 60/60 MP: 6/6
  6117 | D:6      | Killed Kagorn's ghost
  6117 | D:6      | Reached skill level 5 in Fighting
  6184 | D:6      | Found a blossoming altar of Fedhas.
  6238 | D:6      | Reached XP level 8. HP: 66/69 MP: 7/7
  6381 | D:6      | Found Tuachong's Assorted Antiques.
  6388 | D:6      | Bought a scroll labeled PISMAU GOSK for 27 gold pieces
  6388 | D:6      | Bought a scroll labeled ZEUREA IMARGH for 27 gold pieces
  6423 | D:6      | Noticed Blork the orc
  6437 | D:6      | Killed Blork the orc
  6437 | D:6      | Reached skill level 13 in Long Blades
  6683 | D:6      | Reached skill level 6 in Fighting
  7074 | D:7      | Mangled by a shadow

Skill      XL: |  1  2  3  4  5  6  7  8 |
---------------+-------------------------+-----
Long Blades    | 4 5 7 8 12 11 13 | 13.4
Fighting       | 4 5 6 |  6.3
Armour         | 1 |  1.0
Throwing       | |  2.0
Dodging        | |  3.2

Action                   |  1- 3 |  4- 6 |  7- 9 || total
-------------------------+-------+-------+-------++-------
Melee: Long sword        |    72 |   270 |   151 ||   493
       Headbutt          |    11 |    63 |    29 ||   103
       Dagger            |       |       |    10 ||    10
 Fire: Hunting sling     |       |     5 |    29 ||    34
Throw: Stone             |     9 |     4 |       ||    13
       Throwing net      |     1 |     2 |       ||     3
Invok: Sacrifice Experie |       |     1 |       ||     1
Evoke: Wand              |       |       |     5 ||     5
  Use: Scroll            |     4 |     6 |     8 ||    18
       Potion            |       |     6 |       ||     6
 Stab: Sleeping          |       |     2 |     6 ||     8
  Eat: Chunk             |     1 |    12 |     7 ||    20
Armor: Leather armour    |    14 |    49 |    32 ||    95
Dodge: Dodged            |    38 |   116 |    70 ||   224
       Rpst.: Long sword |     9 |    26 |    19 ||    54

Table legend:
 A = Turns spent in this place as a percentage of turns spent in the entire game.
 B = Non-inter-level travel turns spent in this place as a percentage of non-inter-level travel turns spent in the entire game.
 C = Inter-level travel turns spent in this place as a percentage of turns spent in this place.
 D = Turns resting spent in this place as a percentage of non-inter-level travel turns spent in this place.
 E = Turns spent auto-exploring this place as a percentage of non-inter-level travel turns spent in this place.
 F = Non-inter-level travel turns spent in this place divided by the number of levels of this place that you've seen.
                   A       B       C       D       E      F
               +-------+-------+-------+-------+-------+----------------------
         Total | 100.0 | 100.0 |   7.6 |  11.8 |  12.6 | 726.1
       Dungeon |  90.9 |  90.3 |   8.2 |  13.0 |  13.5 | 842.7
        Temple |   0.9 |   0.8 |  16.7 |   0.0 |   0.0 |  55.0
         Sewer |   8.2 |   8.9 |   0.0 |   0.0 |   4.6 | 581.0
               +-------+-------+-------+-------+-------+----------------------

Table legend:
 A = Kills in this place as a percentage of kills in entire the game.
 B = Kills by you in this place as a percentage of kills by you in the entire game.
 C = Kills by friends in this place as a percentage of kills by friends in the entire game.
 D = Other kills in this place as a percentage of other kills in the entire game.
 E = Experience gained in this place as a percentage of experience gained in the entire game.
 F = Experience gained in this place divided by the number of levels of this place that you have seen.
                   A       B       C       D       E      F
               +-------+-------+-------+-------+-------+----------------------
         Total | 100.0 | 100.0 |   N/A |   N/A | 100.0 | 376.6
       Dungeon |  86.8 |  86.8 |   N/A |   N/A |  97.6 | 472.6
         Sewer |  13.2 |  13.2 |   N/A |   N/A |   2.4 |  81.0
               +-------+-------+-------+-------+-------+----------------------

Vault maps used:
D:1:      saegor_arrival_simple_c, minmay_splitting_lines
D:2:      chequers_ecumenical_altar_simple, uniq_natasha
D:3:      tgw_sif, lightli_sewer_entry_pipes, first_ration
D:4:      nicolae_ru_sacrificial_ziggurat
D:5:      minmay_temple_entry_statues_fountains, serial_shops, shop,
          kennysheep_crisscross
D:6:      serial_shops, nicolae_shop_overgrown_old_shop,
          fedhas_altar_fruit_tree, uniq_blork_the_orc
D:7:      minmay_the_grid_triangle_9x9_rhombus_thin, serial_shops, shop
Temple:   compressed_dpeg_triangle_lava_temple
Sewer:    sewer_co_scattered_pipes
